 Dungeon Crawl Stone Soup version 0.31-a0-636-ge1c0e020e0 (webtiles) character file.

Game seed: 866873208770723816

2375 Descartes the Covert (level 9, -2/25 (26) HPs)
             Began as a Felid Delver on Aug 26, 2023.
             Slain by Jeremiah
             ... wielding a +2 trident of draining
              (6 damage)
             ... on level 7 of the Dungeon.
             The game lasted 00:13:27 (7254 turns).

Descartes the Covert (Felid Delver)                 Turns: 7254, Time: 00:13:28

HP:   -2/25 (26)    AC:  6    Str: 12    XL:     9   Next: 21%
MP:   10/10         EV: 26    Int: 11    God:
Gold: 259           SH:  0    Dex: 18    Spells: 8/8 levels left
                                        Lives: 0   Deaths: 3

rFire   . .          .
                       - Unarmed
rCold   . . .        (shield unavailable)
rNeg    . . .        (body armour unavailable)
rPois   .            (helmet unavailable)
rElec   .            (cloak unavailable)
rCorr   .            (gloves unavailable)
SInv    +            (boots unavailable)
Will    +....        z - amulet of regeneration
Stlth   +++++        o - +5 ring of evasion
HPRegen 1.04/turn    v - +4 ring of protection
MPRegen 0.12/turn

%: no passive effects
@: blade hands, drained, quick
A: reduced hp, very small, claws 1, fangs 3, see invisible, speed 1, shaggy fur
2, (stealthy paws), no weapons or thrown items, no armour, multi-lived
a: Begin Untransformation


You were on level 7 of the Dungeon.
You had blades for front paws.
You visited 2 branches of the dungeon, and saw 8 of its levels.

You collected 259 gold pieces.

Inventory:

Jewellery
 o - a +5 ring of evasion (left blade hand)
 u - a +6 ring of strength
 v - a +4 ring of protection (right blade hand)
 z - an amulet of regeneration (around neck)
 C - a ring of wizardry
 D - a ring of resist corrosion
Talismans
 w - a blade talisman (active)
Wands
 e - a wand of digging (3)
 p - a wand of roots (13)
 r - a wand of flame (52)
 s - a wand of acid (8)
 A - a wand of mindburst (7)
Scrolls
 a - 2 scrolls of fog
 b - 2 scrolls of revelation
 c - 2 scrolls of fear
 g - a scroll of blinking {unknown}
 j - 3 scrolls of identify {unknown}
 k - a scroll of torment {unknown}
 n - 3 scrolls of enchant weapon {unknown}
 q - 2 scrolls of teleportation {unknown}
 x - a scroll of poison {unknown}
 y - a scroll of enchant armour {unknown}
Potions
 d - a potion of haste
 f - a potion of mutation {unknown}
 h - 2 potions of curing
 i - a potion of resistance {unknown}
 l - a potion of invisibility {unknown}
 m - 2 potions of might {unknown}
 t - a potion of degeneration {unknown}
 B - a potion of magic {unknown}


   Skills:
 - Level 3.0 Fighting
 + Level 7.0 Dodging
 * Level 12.1 Stealth
 + Level 5.2 Unarmed Combat
 * Level 7.1 Shapeshifting


You had 8 spell levels left.
You didn't know any spells.
Your spell library contained the following spells:

 Spells                   Type           Power      Damage    Failure   Level
 Slow                     Hex            0%         N/A       34%         1
 Sting                    Tmut/Pois      0%         1d3       34%         1
 Cigotuvi's Dreadful Rot  Necr/Pois/Air  0%         N/A       47%         2
 Ensorcelled Hibernation  Hex/Ice        0%         N/A       47%         2
 Poisonous Vapours        Pois/Air       0%         N/A       47%         2
 Sublimation of Blood     Necr           0%         N/A       47%         2
 Confusing Touch          Hex            0%         N/A       71%         3
 Ignite Poison            Fire/Tmut/Pois 0%         N/A       71%         3
 Ozocubu's Armour         Ice            0%         N/A       71%         3
 Vampiric Draining        Necr           0%         2d6       71%         3
 Anguish                  Hex/Necr       0%         N/A       98%         4
 Olgreb's Toxic Radiance  Pois           0%         N/A       98%         4
 Petrify                  Tmut/Erth      0%         N/A       98%         4
 Freezing Cloud           Conj/Ice/Air   0%         6-21      100%        5
 Irradiate                Conj/Tmut      0%         3d11      100%        5
 Metabolic Englaciation   Hex/Ice        0%         N/A       100%        5
 Simulacrum               Ice/Necr       0%         N/A       100%        6


Dungeon Overview and Level Annotations

Branches:
Dungeon (7/15)             Temple (1/1) D:7

Altars:
Ashenzari
Cheibriados
Dithmenos
Elyvilon
Fedhas
Gozag
Hepliaklqana
Kikubaaqudgha
Makhleb
Qazlal
Ru
Sif Muna
Trog
Uskayaw
Vehumet
Wu Jian
Xom
Yredelemnul
The Shining One

Shops:
D:5 =

Annotations:
D:3 1 runed translucent door, GenialerGandalf's ghost, amateur HOFi
D:6 Pikel
D:7 Jeremiah


Innate Abilities, Weirdness & Mutations

You have blades for front paws.
Your maximum health is decreased, since you lack skill for your form.
You have sharp claws.
You have razor-sharp teeth.
You have supernaturally acute eyesight. (SInv)
You cover ground quickly. (Speed+)
You are covered in thick fur. (AC +2)
((Your paws help you pounce on unaware monsters.))
You are incapable of wielding weapons or throwing items.
You cannot wear armour.
You gain extra lives every three experience levels.


Message History

Jeremiah is heavily wounded.
Jeremiah closely misses you.
You hit Jeremiah.
Jeremiah is heavily wounded.
Jeremiah zaps a wand.
Your will is overpowered!
You are confused.
You are too confused!
You are too confused!
You are too confused!
You are too confused!
You are too confused!
You are too confused!
You are too confused!
You are too confused!
You are too confused!
You are too confused!
You are too confused!
You are too confused!
You are too confused!
You are too confused!
You are too confused!
Unknown command.
You bump into the rock wall.
Jeremiah misses you.
Unknown command.
You bump into the rock wall.
Jeremiah cries, "Fearful master, protect me!"
Something smites you!
Ouch! That really hurt!
* * * LOW HITPOINT WARNING * * *
Unknown command.
You feel better.
Jeremiah hits you with a +2 trident of draining!
* * * LOW HITPOINT WARNING * * *
You feel drained.
* * * LOW HITPOINT WARNING * * *
You slash Jeremiah!
Jeremiah is severely wounded.
Jeremiah hits you with a +2 trident of draining.
You die...
Jeremiah asks, "What happened?
Did... did you die?"

.....# ....#
....#####
.>.......
#........
#........
#####..b.....
#b@bb....#
#F###....# #b
#....# #b
#....# #b
#....# #.
#....# #b
#....# #.
#....# #....#


You could see Jeremiah.

Vanquished Creatures
  Prince Ribbit (D:5)
  Menkaure (D:6)
  A steam dragon (D:7)
  Duvessa (D:7)
  A sky beast (D:7)
  A black bear (D:5)
  An orc warrior (D:6)
  A phantom (D:2)
  2 bullfrogs
  2 gnoll sergeants
  A scorpion (D:6)
  4 wights (D:7)
  Dowan (D:7)
  2 howler monkeys (D:7)
  2 jellies
  5 hounds
  An orc priest (D:5)
  A sleepcap (D:5)
  3 iguanas
  4 orc wizards
  17 gnolls
  4 adders
  2 shadow imps
  2 white imps
  A dart slug (D:2)
  19 orcs
  7 endoplasms
  4 giant cockroaches
  8 hobgoblins
  4 jackals (D:5)
  6 ball pythons
  5 bats
  5 frilled lizards
  13 goblins
  9 kobolds
  3 rats
145 creatures vanquished.

Vanquished Creatures (others)
  A bullfrog (D:7)
  A howler monkey (D:7)
2 creatures vanquished.

Grand Total: 147 creatures vanquished

Notes
Turn   | Place    | Note
-------+----------+-------------------------------------------
     0 | D:5      | Descartes the Felid Delver began the quest for the Orb.
     0 | D:5      | Reached XP level 1. HP: 10/10 MP: 2/2
    91 | D:5      | Noticed a black bear
    98 | D:5      | Killed a black bear
    99 | D:5      | Reached skill level 7 in Stealth
    99 | D:5      | Reached XP level 2. HP: 14/14 MP: 3/3
    99 | D:5      | Reached XP level 3. HP: 17/17 MP: 4/4
    99 | D:5      | Reached XP level 4. HP: 21/21 MP: 5/5
   174 | D:5      | Reached XP level 5. HP: 24/24 MP: 6/6
   240 | D:4      | Noticed a phantom
   348 | D:3      | Reached skill level 8 in Stealth
   354 | D:2      | Slain by a kobold
   663 | D:1      | Found a faded altar of an unknown god.
   663 | D:1      | Noticed a soul eater
  1444 | D:2      | Gained mutation: You are covered in thick fur. (AC +2)
                  | [Felid growth]
  1444 | D:2      | Reached XP level 6. HP: 28/28 MP: 7/7
  2082 | D:3      | Found a runed translucent door.
  2084 | D:3      | Noticed GenialerGandalf's ghost (amateur HOFi)
  2340 | D:3      | Found a glowing golden altar of the Shining One.
  2368 | D:3      | Found a white marble altar of Elyvilon.
  3635 | D:4      | Found a radiant altar of Vehumet.
  3728 | D:4      | Found an ornate altar of the Wu Jian Council.
  3840 | D:5      | Reached skill level 9 in Stealth
  3840 | D:5      | Reached XP level 7. HP: 31/31 MP: 8/8
  4039 | D:5      | Noticed Prince Ribbit
  4047 | D:5      | Killed Prince Ribbit
  4048 | D:5      | Reached skill level 5 in Dodging
  4417 | D:5      | Reached skill level 5 in Shapeshifting
  4459 | D:5      | Found Vynojiwy's Jewellery Boutique.
  4464 | D:5      | Reached skill level 10 in Stealth
  4475 | D:5      | Succumbed to a gnoll's poison
  4730 | D:6      | Noticed Pikel
  4777 | D:6      | Reached XP level 8. HP: 34/34 MP: 9/9
  5957 | D:6      | Noticed Menkaure
  6226 | D:6      | Slain by a gnoll sergeant
  6694 | D:6      | Killed Menkaure
  6695 | D:6      | Reached skill level 11 in Stealth
  6795 | D:7      | Noticed Dowan
  6799 | D:7      | Noticed Duvessa
  6801 | D:7      | Killed Dowan
  6821 | D:7      | Killed Duvessa
  6822 | D:7      | Reached skill level 5 in Unarmed Combat
  6822 | D:7      | Reached XP level 9. HP: 13/37 MP: 10/10
  7012 | D:7      | Reached skill level 12 in Stealth
  7155 | D:7      | Found a staircase to the Ecumenical Temple.
  7184 | Temple   | Entered the Ecumenical Temple
  7243 | D:7      | Noticed Jeremiah
  7254 | D:7      | Slain by Jeremiah

Illustrated notes

Levels and vault maps discovered:
D:1:      dpeg_arrival_stone_temple_mockup, layout_basic,
          dreamdust_ecumenical_altar_sealed_demon
D:2:      layout_basic, minmay_goblin_outpost
D:3:      layout_loops_cross, general_overflow_altar, lemuel_doored_altar,
          ebering_ghost_inner_flame
D:4:      layout_cave_pools, marbit_many_paths, mainiacjoe_overflow_alcove_4
D:5:      layout_loops_cross, serial_shops, shop, lightli_corner_chamber,
          uniq_prince_ribbit1
D:6:      layout_basic, uniq_menkaure, uniq_pikel
D:7:      layout_basic, minmay_temple_entry_antechambers, uniq_jeremiah,
          uniq_duvessa
Temple:   nicolae_temple_bog_church

Skill      XL: |  1  2  3  4  5  6  7  8  9 |
---------------+----------------------------+-----
Dodging        | 3 4 5 6 7 |  7.0
Stealth        | 7 8 9 10 11 12 | 12.1
Shapeshifting  | 2 3 4 5 6 7 |  7.1
Unarmed Combat | 3 4 5 |  5.2
Fighting       | |  3.0

Action                     |  1- 3 |  4- 6 |  7- 9 || total
---------------------------+-------+-------+-------++-------
  Melee: Unarmed           |    15 |   238 |   274 ||   527
         Bite              |       |    28 |    35 ||    63
         Punch             |       |     3 |    13 ||    16
  Evoke: Wand              |       |     1 |       ||     1
    Use: Potion            |       |       |     2 ||     2
   Stab: Sleeping          |     1 |    24 |    10 ||    35
         Distracted        |     1 |       |     1 ||     2
         Confused          |       |     1 |       ||     1
 Armour: Skin              |       |     5 |    21 ||    26
  Dodge: Dodged            |    12 |   211 |   288 ||   511
   Form: Blade             |       |       |     1 ||     1

Table legend: (Time is in decaauts)
 A = Elapsed time spent in this place.
 B = Non-inter-level travel time spent in this place.
 C = Inter-level travel time spent in this place.
 D = Time resting spent in this place.
 E = Time spent auto-exploring this place.
 F = Levels seen in this place.
 G = Mean time per level.
                   A        B        C        D        E       F      G
               +--------+--------+--------+--------+--------+-----+--------+
         Total |   6151 |   5959 |    192 |      2 |   4408 |   8 |  768.9 |
       Dungeon |   6149 |   5957 |    192 |      2 |   4408 |   7 |  878.4 |
        Temple |      1 |      1 |      0 |      0 |      0 |   1 |    1.0 |
               +--------+--------+--------+--------+--------+-----+--------+

Top non-repeatable levels by time:
     D:6: 1665 daAuts
     D:2: 1284 daAuts
     D:5: 870 daAuts
     D:3: 703 daAuts
     D:4: 659 daAuts
     D:1: 512 daAuts
     D:7: 453 daAuts
  Temple: 1 daAuts
